 Dungeon Crawl Stone Soup version 0.28-a0-998-gb9e9c7b67e (webtiles) character file.

Game seed: 3823549215044806733

277 ytrimaz the Insei (level 6, -2/35 HPs)
             Began as an Octopode Transmuter on Dec 5, 2021.
             Was a Priest of Hepliaklqana.
             Slain by a gnoll (7 damage)
             ... on level 5 of the Dungeon.
             The game lasted 00:06:37 (5268 turns).

ytrimaz the Insei (Octopode Transmuter)             Turns: 5268, Time: 00:06:37

Health: -2/35      AC:  2    Str: 10    XL:     6   Next: 26%
Magic:  8/11       EV: 19    Int: 17    God:    Hepliaklqana [***...]
Gold:   171        SH:  0    Dex: 17    Spells: 3/11 levels left

rFire   . . .      SeeInvis .     - Unarmed
rCold   . . .      Faith    .   (shield currently unavailable)
rNeg    + . .      Spirit   .   (helmet currently unavailable)
rPois   x          Reflect  .   (no amulet)
rElec   .          Harm     .   c - ring of positive energy
rCorr   .          Rampage  .   (no ring)
Will    .....                   (no ring)
Stlth   ++........              (no ring)
HPRegen 0.11/turn               (no ring)
MPRegen 0.12/turn               (no ring)
                                (no ring)
                                (no ring)

@: lethally poisoned (-2 -> -15), spider-form
A: venomous fangs, reduced essence, almost no armour, (amphibious), 8 rings,
tiny, (camouflage 1), (gelatinous body 1), (nimble swimmer 1), (tentacles)
a: End Transformation, Renounce Religion, Recall Ancestor, Ancestor Identity,
Transference


You were on level 5 of the Dungeon.
You worshipped Hepliaklqana.
Hepliaklqana was most pleased with you.
You were a venomous arachnid creature.
You visited 1 branch of the dungeon, and saw 5 of its levels.

You collected 193 gold pieces.
You spent 22 gold pieces at shops.

Inventory:

Jewellery
 c - a ring of positive energy (left front leg)
 n - a ring of ice
Wands
 j - a wand of iceblast (7)
Scrolls
 b - a scroll of enchant armour
 e - 2 scrolls of vulnerability
 l - a scroll of blinking
Potions
 a - a potion of lignification
 d - a potion of haste
 f - a potion of heal wounds {unknown}
 g - 2 potions of curing
 h - a potion of invisibility
 i - a potion of berserk rage {unknown}
 k - a potion of resistance


   Skills:
 * Level 2.2 Fighting
 - Level 2.0 Dodging
 + Level 4.3 Unarmed Combat
 * Level 3.4 Spellcasting
 * Level 3.7 Transmutations
 * Level 1.3 Poison Magic


You had 3 spell levels left.
You knew the following spells:

 Your Spells              Type           Power      Damage    Failure   Level
a - Beastly Appendage     Tmut           30%        N/A       12%         1
b - Spider Form           Tmut/Pois      11%        N/A       38%         3
c - Ice Form              Ice/Tmut       9%         N/A       80%         4

Your spell library contained the following spells:

 Spells                   Type           Power      Damage    Failure   Level
 Wereblood                Tmut           15%        N/A       16%         2
 Foxfire                  Conj/Fire      8%         2x1d4     36%         1
 Poisonous Vapours        Pois/Air       10%        N/A       38%         2
 Corpse Rot               Necr/Air       4%         N/A       47%         2
 Conjure Flame            Conj/Fire      2%         6-21      67%         3
 Gell's Gravitas          Tloc           2%         N/A       67%         3
 Inner Flame              Hex/Fire       2%         N/A       67%         3
 Flame Wave               Conj/Fire      2%         2d4       95%         4
 Eringya's Noxious Bog    Tmut/Pois      5%         N/A       100%        6


Dungeon Overview and Level Annotations

Branches:
Dungeon (5/15)
 Temple: D:4-7

Altars:
Hepliaklqana
Qazlal
Trog
The Shining One

Shops:
D:2 ?   D:4 *


Innate Abilities, Weirdness & Mutations

You are a venomous arachnid creature.
You have poisonous fangs.
You are tiny and dextrous.
Your spellcasting is less reliable in this form.
Your armour is entirely melded.
You are incapable of wielding weapons or throwing items.
Your life essence is reduced to manifest your ancestor. (-10% HP)
You cannot wear most types of armour.
((You are amphibious.))
You can wear up to eight rings at the same time.
((Your skin changes colour to match your surroundings (Stealth+).))
((Your rubbery body absorbs attacks. (AC +1, EV +1)))
((You are camouflaged near water. (Stealth+)))
((You have tentacles for arms and can constrict up to eight enemies at once.))


Message History

Your transformation is almost over.
Your tentacle spike disappears.
You are no longer corroded.
HP restored.
Found a whip.
A gnoll comes into view. It is wielding a +2 whip of venom.
A gnoll is nearby!
A gnoll is nearby!
One of your tentacles grows a vicious spike.
Found 10 sling bullets.
A gnoll comes into view. It is wielding a +0 spear.
The gnoll shouts!
A gnoll comes into view. It is wielding a +0 spear.
Casting: Beastly Appendage (safe; 3% risk of failure)
Confirm with . or Enter, or press ? or * to list all spells.
The spell is quite dangerous to miscast (19% risk of failure)!
Continue anyway?
Your tentacle spike disappears.
You turn into a venomous arachnid creature.
Unknown command.
You hit the gnoll.
The gnoll is poisoned.
The gnoll is lightly wounded.
The gnoll hits you with a +2 whip of venom!
You are lethally poisoned!
You hit the gnoll but do no damage.
The gnoll looks as sick as possible!
The gnoll is moderately wounded.
You feel very sick. The gnoll completely misses you. x2
Jabu hits the gnoll with a +0 dagger of draining.
Jabu drains the gnoll.
The gnoll dies!
You feel very sick.
The gnoll hits you from afar with a +0 spear.
* * * LOW HITPOINT WARNING * * *
The gnoll barely misses you.
You bite the gnoll!
The gnoll is heavily wounded.
* * * LOW HITPOINT WARNING * * *
You feel very sick.
The gnoll hits you from afar with a +0 spear!
You die...

#####...... #.........#
###.........# #.#
.......(....#.. ...#
............#.# #..#
.......g......# #..#
.......g....### #..#
.......sR..)... #..#
###.........##.####..###
#.........##>.........
#.#.##.#.### #####..###
#. ##.#.#.#########..# #
. #...............# #
##...##########.# #
#.#### #.# # #.# #.# #


You could see the friendly Jabu the hexer and 2 gnolls.

Vanquished Creatures
  An iguana (D:4)
  An orc wizard (D:3)
  2 adders
  3 worms (D:2)
  A dart slug (D:3)
  6 orcs
  14 endoplasms
  4 giant cockroaches
  7 hobgoblins
  2 jackals (D:3)
  3 kobolds
  3 quokkas
  7 ball pythons
  4 bats
  5 frilled lizards
  3 goblins
  10 rats
76 creatures vanquished.

Vanquished Creatures (collateral kills)
  A jelly (D:5)
  2 orc wizards (D:4)
  A gnoll (D:5)
  An adder (D:2)
  A dart slug (D:2)
  3 orcs (D:3)
  A ball python (D:2)
  An endoplasm (D:4)
  A goblin (D:4)
  2 hobgoblins (D:2)
  2 jackals (D:3)
  A frilled lizard (D:2)
17 creatures vanquished.

Grand Total: 93 creatures vanquished

Notes
Turn   | Place    | Note
-------+----------+-------------------------------------------
     0 | D:1      | ytrimaz the Octopode Transmuter began the quest for the
                  | Orb.
     0 | D:1      | Reached XP level 1. HP: 13/13 MP: 3/3
   319 | D:1      | Found a faded altar of an unknown god.
   321 | D:1      | Reached XP level 2. HP: 18/18 MP: 3/5
   334 | D:1      | Prayed at the altar of an unknown god.
   334 | D:1      | Became a worshipper of Hepliaklqana the Forgotten
   334 | D:1      | Reached * piety under Hepliaklqana
  1130 | D:1      | Reached XP level 3. HP: 17/20 MP: 4/6
  1600 | D:2      | Reached ** piety under Hepliaklqana
  1630 | D:2      | Found Ugyu's Magic Scroll Boutique.
  1631 | D:2      | Remembered your ancestor Jabu as a hexer
  1635 | D:2      | Bought a scroll of identify for 22 gold pieces
  1809 | D:2      | Learned a level 3 spell: Spider Form
  2314 | D:2      | Reached XP level 4. HP: 23/25 MP: 6/8
  2988 | D:3      | Got the Compendium of the Merchant
  3240 | D:3      | Learned a level 4 spell: Ice Form
  3260 | D:3      | Reached XP level 5. HP: 16/30 MP: 5/9
  3291 | D:3      | Reached skill level 4 in Unarmed Combat
  3582 | D:3      | Noticed a moth of wrath
  3585 | D:3      | Found a bloodstained altar of Trog.
  3749 | D:3      | Found a glowing golden altar of the Shining One.
  3912 | D:4      | Found Robby's General Store.
  4130 | D:4      | Reached skill level 1 in Poison Magic
  4131 | D:4      | Reached XP level 6. HP: 11/35 MP: 6/10
  4429 | D:4      | Found a stormy altar of Qazlal.
  4586 | D:4      | Reached *** piety under Hepliaklqana
  4761 | D:4      | Identified the +4 flail of Fedhas's Generosity {antimagic,
                  | Fly Dex+3}
  5054 | D:5      | Entered Level 5 of the Dungeon
  5268 | D:5      | Slain by a gnoll

Illustrated notes

Levels and vault maps discovered:
D:1:      minmay_arrival_diagonal_passages, layout_basic,
          hellmonk_ecumenical_altar_lost_god
D:2:      layout_loops_ring, serial_shops, shop, corexii_hall_statues_t,
          corner_web_ring, minmay_hexomino_p4
D:3:      layout_rooms, tgw_trog, nicolae_tso_swordbearing_angel
D:4:      layout_basic, kennysheep_little_box, serial_shops,
          nicolae_stop_n_shop_1
D:5:      layout_loops_ring, uniq_ijyb

Skill      XL: |  1  2  3  4  5 |
---------------+----------------+-----
Transmutations | 3 |  3.7
Spellcasting   | 3 |  3.4
Unarmed Combat | 4 |  4.3
Fighting       | 2 |  2.2
Poison Magic   | 1 |  1.3
Dodging        | |  2.0

Action                   |  1- 3 |  4- 6 || total
-------------------------+-------+-------++-------
Melee: Unarmed           |    89 |    84 ||   173
       Kick              |    17 |    11 ||    28
       Constrict         |    24 |    17 ||    41
       Tentacles         |    14 |    13 ||    27
       Punch             |     3 |     2 ||     5
 Cast: Beastly Appendage |    21 |    17 ||    38
       Spider Form       |       |     4 ||     4
Invok: Ancestor Life: He |     1 |       ||     1
  Use: Scroll            |     2 |     8 ||    10
       Potion            |       |     1 ||     1
 Stab: Sleeping          |     7 |     6 ||    13
       Distracted        |     1 |       ||     1
       Confused          |       |     4 ||     4
Armor: Skin              |     1 |     3 ||     4
Dodge: Dodged            |    51 |    63 ||   114

Table legend: (Time is in decaauts)
 A = Elapsed time spent in this place.
 B = Non-inter-level travel time spent in this place.
 C = Inter-level travel time spent in this place.
 D = Time resting spent in this place.
 E = Time spent auto-exploring this place.
 F = Levels seen in this place.
 G = Mean time per level.
                   A        B        C        D        E       F      G
               +--------+--------+--------+--------+--------+-----+--------+
         Total |   5255 |   5219 |     36 |    352 |   4046 |   5 | 1051.0 |
       Dungeon |   5255 |   5219 |     36 |    352 |   4046 |   5 | 1051.0 |
               +--------+--------+--------+--------+--------+-----+--------+

Top non-repeatable levels by time:
     D:1: 1497 daAuts
     D:2: 1445 daAuts
     D:4: 1140 daAuts
     D:3: 958 daAuts
     D:5: 213 daAuts
